 Dungeon Crawl Stone Soup version 0.29.1-1-gd02db6906a (webtiles) character file.

Game seed: 3351536357430318614

2252 safid the Skirmisher (level 9, -6/112 HPs)
             Began as a Minotaur Hunter on Oct 6, 2022.
             Mangled by Maggie
             ... wielding a +0 war axe
              (7 damage)
             ... on level 7 of the Dungeon.
             The game lasted 00:20:31 (10757 turns).

safid the Skirmisher (Minotaur Hunter)             Turns: 10757, Time: 00:20:31

Health: -6/112     AC: 24    Str: 16    XL:     9   Next: 15%
Magic:  8/8        EV:  2    Int:  6    God:
Gold:   381        SH:  0    Dex: 18    Spells: 8/8 levels left

rFire   . . .      SeeInvis .   a - +0 shortbow
rCold   . . .      Faith    .   (shield currently unavailable)
rNeg    . . .      Spirit   .   (body armour currently unavailable)
rPois   +          Reflect  .   (helmet currently unavailable)
rElec   .          Harm     .   (cloak currently unavailable)
rCorr   .          Rampage  .   (gloves currently unavailable)
Will    .....      NoTele   +   (boots currently unavailable)
Stlth   +.........              (no amulet)
HPRegen 0.28/turn               (no ring)
MPRegen 0.11/turn               (no ring)

@: brilliant, tree-form, silenced, weak-willed, hasted, very quick
A: stationary, stasis, torment immunity, boosted hp, (horns 2), (retaliatory
headbutt), robust 1, screaming 1
a: no special abilities


You were on level 7 of the Dungeon.
You were a tree.
You visited 2 branches of the dungeon, and saw 8 of its levels.
You also visited: Sewer.

You collected 381 gold pieces.

Inventory:

Hand Weapons
 a - a +0 shortbow (weapon)
Missiles
 r - 2 silver javelins
 F - 5 javelins
Armour
 o - a +0 ring mail (melded)
 u - a +1 pair of gloves (melded)
 y - a +1 cloak (melded)
Jewellery
 n - a ring of ice
 x - a +4 ring of evasion
 A - an amulet of reflection
 D - an amulet of magic regeneration
Wands
 B - a wand of roots (2)
 C - a wand of quicksilver (5)
 E - a wand of mindburst (16)
Scrolls
 b - 3 scrolls of immolation
 c - a scroll of blinking
 d - 3 scrolls of enchant armour
 e - 2 scrolls of teleportation
 f - 3 scrolls of enchant weapon
 g - a scroll of torment {unknown}
 h - 2 scrolls of fog
 i - a scroll of poison
 l - 2 scrolls of magic mapping
 p - 2 scrolls of fear
Potions
 m - a potion of brilliance
 t - a potion of degeneration
 w - 4 potions of flight


   Skills:
 - Level 3.0 Fighting
 + Level 13.7 Ranged Weapons
 - Level 2.1 Dodging
 - Level 0.7 Stealth


You had 8 spell levels left.
You didn't know any spells.
Your spell library contained the following spells:

 Spells                   Type           Power      Damage    Failure   Level
 Foxfire                  Conj/Fire      0%         2x1d4     45%         1
 Necrotise                Necr           0%         1d4       45%         1
 Sting                    Tmut/Pois      0%         1d3       45%         1
 Poisonous Vapours        Pois/Air       0%         N/A       58%         2
 Conjure Flame            Conj/Fire      0%         6-21      83%         3
 Inner Flame              Hex/Fire       0%         N/A       83%         3
 Vampiric Draining        Necr           0%         2d6       83%         3
 Flame Wave               Conj/Fire      0%         2d4       99%         4
 Olgreb's Toxic Radiance  Pois           0%         N/A       99%         4
 Agony                    Necr           0%         N/A       100%        5


Dungeon Overview and Level Annotations

Branches:
Dungeon (7/15)             Temple (1/1) D:5           Sewer (visited)

Altars:
Ashenzari
Dithmenos
Elyvilon
Fedhas
Hepliaklqana
Kikubaaqudgha
Nemelex Xobeh
Ru
Sif Muna
Trog
Uskayaw
Vehumet
Xom

Shops:
D:4 (

Annotations:
D:4 Pikel
D:7 Maggie


Innate Abilities, Weirdness & Mutations

You are a tree.
Your roots penetrate the ground, keeping you stationary.
You cannot be teleported.
You are immune to unholy pain and torment.
Your maximum health is greatly increased.
Your equipment is partially melded.
((You have a pair of horns on your head.))
((You reflexively headbutt those who attack you in melee.))
You are robust. (+10% HP)
You occasionally shout uncontrollably at your foes.


Message History

Maggie is heavily wounded.
Maggie gestures wildly while chanting.
Maggie attempts to bespell you! You resist with almost no effort.
Unknown command.
Fire: a) +0 shortbow
Press: ? - help, Q - select action, (/) - cycle Shift-Dir - straight line, f/p - Maggie
Aim: Maggie, wielding a +0 war axe, wearing +0 steam dragon scales and carrying a wand of charming (3) (heavily wounded, 68% to hit)
You shoot an arrow. The arrow hits Maggie!
Maggie is severely wounded.
The scorpion stings you but does no damage.
Fire: a) +0 shortbow
Press: ? - help, Q - select action, (/) - cycle Shift-Dir - straight line, f/p - Maggie
Aim: Maggie, wielding a +0 war axe, wearing +0 steam dragon scales and carrying a wand of charming (3) (severely wounded, 68% to hit)
You shoot an arrow. The arrow hits Maggie!
Maggie is severely wounded.
Maggie hits you with a +0 war axe!
* * * LOW HITPOINT WARNING * * *
The scorpion stings you but does no damage.
The air fills with toxic fumes!
As you read the scroll labelled REX HIUMNI, it crumbles to dust.
It was a scroll of poison.
The scorpion stings you but does no damage.
Maggie zaps a wand.
You easily resist.
Unknown command.
As you read the scroll labelled HOIQYG MYXAFYDD, it crumbles to dust.
Magic quickly surges around you.
It was a scroll of vulnerability.
As you read the scroll labelled UHEXTO ESOGUNG, it crumbles to dust.
A profound silence engulfs you.
It was a scroll of silence.
The scorpion stings you but does no damage.
Maggie hits you but does no damage.
Magic scrolls do not work when you're silenced!
Okay, then.
Fire: a) +0 shortbow
Press: ? - help, Q - select action, (/) - cycle Shift-Dir - straight line, f/p - Maggie
Aim: Maggie, wielding a +0 war axe, wearing +0 steam dragon scales and carrying a wand of charming (2) (silenced, severely wounded, weak-willed, 68% to hit)
You shoot an arrow. The arrow hits Maggie!
Maggie is almost dead.
The scorpion stings you but does no damage.
Maggie hits you with a +0 war axe!
You die...

##...### #§§§§§#
#§§§§§# #§§§§§# .#
#§§§§§## .#
#§§§§§§# .#
#§§§§§§# .#
#§§@§§§### .#
######§§s♣§§§§# .#
..
#.§§§§#######§###.#
... #.§...#
#.)...###...
#.....#
####........
....s..@. #........
......... #........
.........#
#........
.........#
#........
.........#
###........


You could see Maggie (weak-willed) and a scorpion (weak-willed).

Vanquished Creatures
  Sigmund (D:5)
  2 orc warriors
  An ice beast (D:6)
  2 sky beasts (D:6)
  2 centaurs
  2 ogres (D:5)
  A phantom (D:5)
  4 lemures
  3 kobold brigands
  A bullfrog (D:7)
  2 necrophages (D:5)
  A scorpion (D:5)
  A hound (D:4)
  2 gnoll boudas (D:6)
  3 orc priests
  4 iguanas
  Ijyb (D:5)
  5 orc wizards
  8 gnolls (D:6)
  6 adders
  2 white imps
  3 ufetubi
  4 worms
  4 dart slugs
  31 orcs
  5 ball pythons
  2 bats
  10 endoplasms
  3 giant cockroaches
  6 goblins
  5 hobgoblins
  10 jackals
  14 kobolds
  2 quokkas (D:1)
  3 frilled lizards
  2 quokka zombies (D:6)
  11 rats
  A spectral hobgoblin (D:2)
170 creatures vanquished.

Vanquished Creatures (others)
  An orc wizard (D:6)
1 creature vanquished.

Grand Total: 171 creatures vanquished

Notes
Turn   | Place    | Note
-------+----------+-------------------------------------------
     0 | D:1      | safid the Minotaur Hunter began the quest for the Orb.
     0 | D:1      | Reached XP level 1. HP: 18/18 MP: 0/0
   169 | D:1      | Reached XP level 2. HP: 26/26 MP: 1/1
   371 | D:1      | Reached skill level 5 in Ranged Weapons
   849 | D:2      | Reached XP level 3. HP: 25/31 MP: 2/2
  1011 | D:2      | Found a faded altar of an unknown god.
  1650 | D:3      | Reached XP level 4. HP: 38/38 MP: 3/3
  1653 | D:3      | Reached skill level 6 in Ranged Weapons
  1851 | D:3      | Found a glowing drain.
  1866 | Sewer    | Entered a sewer
  1938 | Sewer    | Noticed a kobold brigand
  1942 | Sewer    | Noticed a kobold brigand
  1951 | Sewer    | Killed a kobold brigand
  1952 | Sewer    | Reached skill level 7 in Ranged Weapons
  1952 | Sewer    | Reached XP level 5. HP: 35/45 MP: 4/4
  2201 | Sewer    | Found a glowing silver altar of Zin.
  2716 | D:4      | Reached XP level 6. HP: 8/51 MP: 5/5
  2977 | D:4      | Found Loskaf's Antique Weapon Shop.
  3147 | D:4      | You fall into a shaft and drop 2 floors!
  3189 | D:6      | Reached skill level 8 in Ranged Weapons
  3215 | D:6      | Noticed an ice beast
  3239 | D:5      | Entered Level 5 of the Dungeon
  3482 | D:5      | Reached skill level 9 in Ranged Weapons
  3912 | D:4      | Reached XP level 7. HP: 52/57 MP: 6/6
  4568 | D:5      | Found a sparkling altar of Nemelex Xobeh.
  4629 | D:5      | Noticed Sigmund
  4644 | D:5      | Reached skill level 10 in Ranged Weapons
  4819 | D:5      | Killed Sigmund
  4923 | D:5      | Found a staircase to the Ecumenical Temple.
  4943 | Temple   | Entered the Ecumenical Temple
  4985 | D:5      | Reached skill level 11 in Ranged Weapons
  4985 | D:5      | Reached XP level 8. HP: 63/63 MP: 7/7
  5090 | D:5      | Noticed Pikel
  5118 | D:4      | Gained mutation: You are robust. (+10% HP) [potion of
                  | mutation]
  5118 | D:4      | Gained mutation: You occasionally shout uncontrollably at
                  | your foes. [potion of mutation]
  5118 | D:4      | HP: 2/69 [Pikel/+2 whip of flaming (4)]
  5550 | D:5      | Found a sacrificial altar of Ru.
  6072 | D:5      | Noticed Ijyb
  6101 | D:5      | Killed Ijyb
  6653 | D:6      | Reached skill level 12 in Ranged Weapons
  6943 | D:6      | Found a bloodstained altar of Trog.
  7676 | D:5      | Reached skill level 13 in Ranged Weapons
  8061 | D:6      | Found a shimmering blue altar of Sif Muna.
  8312 | D:6      | Reached XP level 9. HP: 65/75 MP: 8/8
  8325 | D:6      | HP: 1/75 [orc warrior/+0 glaive (13)]
 10722 | D:7      | Noticed Maggie
 10753 | D:7      | HP: 1/112 [Maggie/+0 war axe (7)]
 10757 | D:7      | Mangled by Maggie

Illustrated notes

Levels and vault maps discovered:
D:1:      lightli_arrival_windingriver, layout_basic,
          chequers_serial_rivers_small_b, minmay_door_square
D:2:      layout_basic, dreamdust_ecumenical_altar_drowned_temple,
          minmay_tetromino_o2
D:3:      layout_loops_cross, cheibrodos_sewer_entry_bend,
          minmay_tree_intersection
D:4:      layout_loops_corners, serial_shops, shop
D:5:      layout_rooms, nemelex_spade_bored_becter,
          mainiacjoe_overflow_concentric_impassable, temple_green,
          grunt_ministairs_15, uniq_sigmund, uniq_pikel, uniq_ijyb
D:6:      layout_basic, kennysheep_mini_moat, lemuel_round_altar,
          enter_ossuary_4, kennysheep_generic_room_12
D:7:      layout_basic, grunt_gozag_breadcrumbs,
          chequers_temple_overflow_minitemple, serial_shops, shop, uniq_maggie
Temple:   hellmonk_temple_rainy

Skill      XL: |  1  2  3  4  5  6  7  8 |
---------------+-------------------------+-----
Fighting       | 3 |  3.0
Ranged Weapons | 5 7 9 11 13 | 13.7
Dodging        | |  2.1
Stealth        | |  0.7

Action                   |  1- 3 |  4- 6 |  7- 9 || total
-------------------------+-------+-------+-------++-------
 Fire: Shortbow          |   155 |   168 |   542 ||   865
  Use: Potion            |       |     3 |     8 ||    11
       Scroll            |       |       |    11 ||    11
Armor: Leather armour    |     2 |       |       ||     2
       Ring mail         |    20 |    45 |   130 ||   195
       Skin              |       |       |    25 ||    25
Dodge: Dodged            |    33 |    83 |   190 ||   306
